[Event "NOR-ch Clubs 2017"]
[Site "Kristiansund"]
[Date "2017.10.20"]
[Round "1"]
[White "Sjoberg, Isak"]
[Black "Tevasvoll, Svein"]
[Result "1-0"]
[ECO "B00"]
[WhiteElo "2067"]
[BlackElo "1515"]
[Annotator "NA RC"]
[PlyCount "75"]
[EventDate "2017.??.??"]
[EventType "team-tourn"]
[EventCountry "NOR"]
[SourceTitle "playchess.com"]
[Source "ChessBase"]
[SourceQuality "1"]
[TimeControl "40/5400:1800"]

1. e4 Nc6 2. Nf3 d6 3. d4 e5 4. Bb5 Bd7 5. d5 Nce7 6. Bd3 {[%emt 0:00:46] C62: Spanische Partie (Steinitz-Verteidigung)} (6. Bxd7+ Qxd7 7. O-O h6 8. c4 f5 9. Nc3 Nf6 10. exf5 Nxf5 11. Be3 Be7 12. Qd3 O-O 13. Nd2 Nh7 14. Nde4 Bg5 15. Bxg5 Nxg5 16. Nxg5 hxg5 {1-0 (39) Balogh,C (2664)-Stocek,J (2606) Plovdiv 2012}) 6... Ng6 7. Nc3 a6 $146 ({Vorgänger:} 7... h6 8. Ne2 Be7 9. Ng3 Nf6 10. Be3 Ng4 11. Bd2 Nf6 12. h3 O-O 13. Qc1 Kh7 {1-0 (35) Barbosa,F (1992)-Silva,I (1801) Matosinhos 2004}) 8. a4 Be7 9. Ne2 Bg4 10. Be3 Nf6 11. h4 h5 12. Ng5 Nh7 13. f3 Bd7 14. Nxh7 Rxh7 15. g3 c5 16. dxc6 Bxc6 17. Nc3 Qa5 18. Rb1 d5 $2 (18... Qb4 $16 19. Kf1 Kf8) 19. exd5 Bxd5 20. Bxg6 $1 fxg6 21. Qxd5 Qxd5 22. Nxd5 Kf7 23. Nxe7 Kxe7 24. Ke2 Rhh8 25. Rhd1 Rac8 26. Rd2 Rhe8 27. Rbd1 Kf7 28. Rd7+ Re7 29. c3 Rc7 30. Rxc7 Rxc7 31. Bb6 Re7 32. Ke3 Ke6 33. b4 Rd7 34. Rxd7 Kxd7 35. Ke4 Ke6 $18 36. c4 Kd6 37. b5 axb5 38. cxb5 {[%emt 0:00:15] Kd5+} 1-0

[Event "NOR-ch Clubs 2017"]
[Site "Kristiansund"]
[Date "2017.10.20"]
[Round "1"]
[White "Wister, Tom R"]
[Black "Haug, Johannes"]
[Result "0-1"]
[ECO "E27"]
[WhiteElo "1864"]
[BlackElo "2379"]
[Annotator "RC"]
[PlyCount "78"]
[EventDate "2017.??.??"]
[EventType "team-tourn"]
[EventCountry "NOR"]
[SourceTitle "playchess.com"]
[Source "ChessBase"]
[SourceQuality "1"]
[TimeControl "40/5400:1800"]

1. d4 Nf6 2. c4 e6 3. Nc3 Bb4 4. a3 Bxc3+ 5. bxc3 O-O 6. f3 d6 7. e4 Nc6 8. Bd3 e5 9. Ne2 b6 10. d5 Na5 11. Ng3 Nd7 12. Be3 Ba6 13. Qe2 Nb3 14. Rb1 Ndc5 15. Bxc5 Nxc5 16. Bc2 g6 17. O-O Qg5 18. Rb4 Rae8 19. Qf2 Bc8 20. Rbb1 a5 21. Rfe1 Ba6 22. Qe2 Kh8 23. Nf1 f5 24. exf5 gxf5 25. Nd2 Rf6 26. Rf1 Qg7 27. Rf2 f4 28. Ne4 Nxe4 29. Bxe4 Rh6 30. Bf5 Bc8 31. Qe4 Qg5 32. Bxc8 Rxc8 33. Rbb2 Rg8 34. Kh1 Qg3 35. Kg1 Rxh2 36. Kf1 Rh1+ 37. Ke2 Qxg2 38. Qf5 Qg6 39. Qd7 e4 0-1

[Event "NOR-ch Clubs 2017"]
[Site "Kristiansund"]
[Date "2017.10.20"]
[Round "1"]
[White "Hauan, Tore"]
[Black "Svensen, Tarjei"]
[Result "0-1"]
[ECO "D18"]
[WhiteElo "1623"]
[BlackElo "2057"]
[Annotator "NA RC"]
[PlyCount "70"]
[EventDate "2017.??.??"]
[EventType "team-tourn"]
[EventCountry "NOR"]
[SourceTitle "playchess.com"]
[Source "ChessBase"]
[SourceQuality "1"]
[TimeControl "40/5400:1800"]

1. d4 d5 2. c4 c6 3. Nc3 Nf6 4. Nf3 dxc4 5. a4 Bf5 6. e3 e6 7. Bxc4 Bb4 8. O-O {[%emt 0:00:30] LiveBook: 4130 Games} Nbd7 9. Bd3 Bg6 {[%emt 0:03:33] D18: Slav Defence: 5 a4 Bf5 6 e3} (9... Bxd3 10. Qxd3 O-O 11. Rd1 Qa5 12. e4 h6 13. Bf4 Rfd8 14. Qc2 Rac8 15. h3 Qh5 16. Ne5 c5 17. Nxd7 Rxd7 18. Na2 Ba5 19. Be5 Rc6 {0-1 (32) Wojtkiewicz,A (2568)-Shirov,A (2706) Liepaja 2001}) 10. Ne2 $146 O-O 11. Nf4 c5 12. Nxg6 hxg6 13. Bd2 Bxd2 14. Qxd2 cxd4 15. Nxd4 e5 16. Nb3 Qb6 17. Nc1 Rfd8 18. Qe2 e4 19. Bc4 Ne5 20. Ba2 Qd6 21. Nb3 Nfg4 22. g3 Nf3+ 23. Kg2 Ngxh2 24. Rfd1 Qe5 25. Rxd8+ $2 (25. Rh1 $17) 25... Rxd8 26. Rd1 $2 (26. Qc4) 26... Rxd1 27. Qxd1 {[%emt 0:00:19] [#]} Qxb2 $2 (27... Qh5 $1 $19 28. Qc1 Ng5 29. Qc8+ Kh7) 28. Bb1 $2 (28. Qd7 $1 $11) 28... Ng4 29. Bc2 {[%emt 0:02:31] [#]} Qxc2 $1 30. Qd8+ $2 (30. Qxc2 Nxe3+ 31. fxe3 Ne1+ 32. Kf2 Nxc2 33. Nc5) 30... Kh7 31. Nd4 Qxf2+ 32. Kh3 Ng1+ 33. Kxg4 f5+ 34. Nxf5 Qxf5+ 35. Kh4 Nf3# 0-1

[Event "NOR-ch Clubs 2017"]
[Site "Kristiansund"]
[Date "2017.10.20"]
[Round "1"]
[White "Refsnes, Stale"]
[Black "Dahl, Torbjorn"]
[Result "0-1"]
[ECO "B02"]
[WhiteElo "1444"]
[BlackElo "1974"]
[Annotator "NA RC"]
[PlyCount "110"]
[EventDate "2017.??.??"]
[EventType "team-tourn"]
[EventCountry "NOR"]
[SourceTitle "playchess.com"]
[Source "ChessBase"]
[SourceQuality "1"]
[TimeControl "40/5400:1800"]

1. e4 Nf6 2. Nc3 d5 3. exd5 Nxd5 4. Nxd5 Qxd5 5. Qf3 Qxf3 6. Nxf3 Nc6 {[%emt 0:01:41] B02: Aljechin-Verteidigung (Jagdvariante)} 7. Bb5 Bd7 8. c3 a6 9. Ba4 e5 10. O-O f6 $146 ({Vorgänger:} 10... b5 11. Bb3 Bd6 12. Bd5 O-O 13. a4 Rae8 14. axb5 axb5 {½-½ (70) Schwab,R (2290)-Rumpl,E (2165) Austria 1995}) 11. Re1 O-O-O 12. d4 exd4 13. Bxc6 Bxc6 14. Nxd4 Bd5 15. Bf4 g5 16. Bg3 h5 17. h3 h4 18. Bh2 g4 19. hxg4 h3 20. f3 Bc5 21. Kh1 (21. Bg3 $11 {remains equal.}) 21... hxg2+ 22. Kxg2 Bxd4 23. cxd4 {[%emt 0:01:23] [#]} Bxf3+ $1 24. Kxf3 Rxh2 25. Re4 Rxb2 26. Rf4 Rd6 27. a4 Rb4 28. Ke3 Kd7 (28... a5 $19 29. Ra3 b6) 29. Ra3 (29. a5 $17) 29... Re6+ 30. Kd3 Ke7 31. Rc3 c6 32. Ra3 $2 (32. a5 $17) 32... Re1 33. Kd2 Re6 (33... Rg1 $17 34. Re3+ Kd7) 34. Kd3 c5 35. Rc3 {[%emt 0:02:53] [#]} Rxa4 (35... cxd4 $1 $17 36. Rc4 Rxc4 37. Kxc4 Rd6) 36. Rxc5 b5 37. Rff5 (37. Rc7+ $15 Ke8 38. Ra7) 37... Rd6 38. Rcd5 (38. Rf4 $15) 38... Ra3+ 39. Kc2 Rxd5 40. Rxd5 Rg3 41. Kb2 Rxg4 42. Kb3 Ke6 43. Rd8 a5 44. d5+ Ke7 45. Rb8 Rg3+ 46. Kc2 b4 47. Rb5 {[%emt 0:00:00] [#]} b3+ $19 48. Kb2 a4 49. Ka3 Rg4 50. Rb6 f5 51. Re6+ Kf7 52. Re1 Rd4 53. Re5 f4 54. d6 Rxd6 55. Kxa4 Rb6 0-1

[Event "NOR-ch Clubs 2017"]
[Site "Kristiansund"]
[Date "2017.10.21"]
[Round "2"]
[White "Lobersli, Henrik Oie"]
[Black "Nesse, David"]
[Result "1-0"]
[ECO "A40"]
[WhiteElo "2047"]
[BlackElo "1700"]
[Annotator "NA RC"]
[PlyCount "91"]
[EventDate "2017.??.??"]
[EventType "team-tourn"]
[EventCountry "NOR"]
[SourceTitle "playchess.com"]
[Source "ChessBase"]
[SourceQuality "1"]
[TimeControl "40/5400:1800"]

1. d4 g6 2. Bf4 Bg7 3. Nc3 c5 4. e3 cxd4 5. exd4 Qb6 6. Nb5 d6 7. Qe2 Be6 8. c3 (8. Be3 $5 Qd8 9. Nf3 $11) 8... a6 ({Black should try} 8... Nf6 $15) 9. Na3 (9. Nxd6+ $16 exd6 10. d5) 9... Nf6 10. Nf3 O-O 11. g3 Nc6 12. Bg2 Nd5 13. Be3 ({Better is} 13. Bc1 $11) 13... Nxe3 14. fxe3 d5 15. Ng5 Bf5 16. Bxd5 Bh6 17. h4 e6 18. Bb3 Na5 19. Nc4 (19. e4 $16) 19... Qc6 {[%emt 0:00:56] [#]} (19... Nxc4 $14 20. Bxc4 Rae8) 20. O-O-O ({Der einzige Zug:} 20. d5 $1 $18 exd5 21. Nxa5) 20... Nxb3+ $4 (20... Qb5 $11) 21. axb3 Bxg5 22. hxg5 Qe4 23. Rh4 Qb1+ 24. Kd2 Qc2+ 25. Ke1 Qxb3 $2 (25... h6 {keeps fighting.}) 26. e4 b5 27. Ne5 ({Not} 27. exf5 Qxc4 28. fxg6 fxg6 $11) 27... b4 28. Rc1 bxc3 29. bxc3 Qa3 30. Qd2 Rab8 (30... f6 $142) 31. Nd7 Rfd8 32. Nxb8 ({Weaker is} 32. exf5 Rxd7 33. fxe6 fxe6 $15) 32... Rxb8 33. exf5 exf5 34. Rh2 Qd6 35. Qf4 Qe6+ 36. Re2 Qb3 37. Kf2 Rc8 38. Rce1 Qb5 39. Re3 a5 40. Qe5 Qb2+ 41. R1e2 Qa1 42. Qb5 Rf8 43. Re8 Qh1 44. Rxf8+ Kg7 45. Qe5+ Kxf8 46. Qh8# 1-0

[Event "NOR-ch Clubs 2017"]
[Site "Kristiansund"]
[Date "2017.10.21"]
[Round "2"]
[White "Simensen, Vegard"]
[Black "Shehzad, Alisha"]
[Result "1-0"]
[ECO "D02"]
[WhiteElo "1969"]
[BlackElo "1533"]
[Annotator "NA RC"]
[PlyCount "73"]
[EventDate "2017.??.??"]
[EventType "team-tourn"]
[EventCountry "NOR"]
[SourceTitle "playchess.com"]
[Source "ChessBase"]
[SourceQuality "1"]
[TimeControl "40/5400:1800"]

1. d4 d5 2. Nf3 Nf6 3. c4 c6 4. Nc3 h6 5. e3 e6 {[%emt 0:00:38] D15: Slav Defence: 4 Nc3 a6 and gambit lines after 4 Nc3 dxc4} 6. Qc2 Nbd7 {[%emt 0:00:49] LiveBook: 19 Games} 7. Bd3 dxc4 8. Bxc4 b5 9. Bd3 Bb7 10. O-O a6 11. Ne4 $146 ({Predecessor:} 11. e4 c5 12. d5 c4 13. Be2 exd5 14. e5 {0-1 (26) Rohde,M (2506)-Ehlvest,J (2631) Philadelphia 2004}) 11... Rc8 12. Rd1 Nxe4 13. Bxe4 Nf6 14. Bd3 Qb6 15. Qe2 c5 16. a4 c4 17. Bc2 Be7 18. Ne5 h5 19. axb5 axb5 20. Bd2 h4 21. h3 Ba8 22. f3 Nh5 23. Be1 Ng3 24. Qd2 b4 $2 (24... Nf5 $16 {is tougher.}) 25. Ba4+ Bc6 26. Bxc6+ Rxc6 27. Ra8+ Bd8 28. Nxc6 $18 Qxc6 29. Rda1 Qb7 30. Qxb4 Qxb4 31. Bxb4 Kd7 32. R1a7+ Kc6 33. Ba5 Rh6 34. Rxd8 Rg6 35. Rc7+ Kb5 36. Rb8+ Kxa5 37. Ra7# 1-0

[Event "NOR-ch Clubs 2017"]
[Site "Kristiansund"]
[Date "2017.10.21"]
[Round "2"]
[White "Eliseev, Sergey"]
[Black "Darnell, Anton"]
[Result "0-1"]
[ECO "C00"]
[WhiteElo "1570"]
[BlackElo "2078"]
[Annotator "NA RC"]
[PlyCount "40"]
[EventDate "2017.??.??"]
[EventType "team-tourn"]
[EventCountry "NOR"]
[SourceTitle "playchess.com"]
[Source "ChessBase"]
[SourceQuality "1"]
[TimeControl "40/5400:1800"]

1. e4 e6 2. d3 c5 3. Nf3 d5 4. Qe2 Nf6 5. g3 Nc6 6. Bg2 Be7 {[%emt 0:00:28] LiveBook: 717 Games} 7. e5 {[%emt 0:00:33] C00: French: Unusual White 2nd moves} (7. O-O b5 8. exd5 exd5 9. d4 c4 10. Be3 Bg4 11. h3 Bxf3 12. Qxf3 Qb6 13. Nc3 Rd8 14. g4 b4 15. Ne2 h5 {1-0 (32) McShane,L (2674)-Caruana,F (2796) Las Vegas 2015}) 7... Nd7 8. h4 Qc7 9. Bf4 $1 b5 10. b3 $146 ({Predecessor:} 10. c3 a5 11. O-O Ba6 12. Re1 h6 {½-½ (34) Cherniaev,A (2491)-Macak,S (2361) Sunningdale 2008}) 10... a5 11. O-O O-O 12. Nbd2 (12. c4 $11 dxc4 13. dxc4) 12... Bb7 13. Rfe1 (13. c4 $11 bxc4 14. bxc4) 13... a4 14. c4 Nb4 15. Rec1 axb3 16. Nxb3 (16. axb3 $17 Na2 17. Re1) 16... bxc4 17. dxc4 dxc4 18. Qxc4 (18. Nbd2 $142) 18... Nxa2 19. Rc2 (19. Rcb1 $142) 19... Bd5 20. Qb5 Rfb8 $19 0-1

[Event "NOR-ch Clubs 2017"]
[Site "Kristiansund"]
[Date "2017.10.21"]
[Round "2"]
[White "Brastad, Kay Robert"]
[Black "Sjoberg, Isak"]
[Result "0-1"]
[ECO "C22"]
[WhiteElo "1263"]
[BlackElo "2067"]
[Annotator "NA RC"]
[PlyCount "56"]
[EventDate "2017.??.??"]
[EventType "team-tourn"]
[EventCountry "NOR"]
[SourceTitle "playchess.com"]
[Source "ChessBase"]
[SourceQuality "1"]
[TimeControl "40/5400:1800"]

1. e4 e5 2. d4 exd4 3. Qxd4 Nc6 4. Qe3 Nf6 5. Bd3 {[%emt 0:00:32] C22: Centre Game} (5. Bd2 Bb4 6. Nc3 O-O 7. O-O-O Re8 8. Qf4 Bxc3 9. Bxc3 Rxe4 10. Qg3 d5 11. f3 Re6 12. Ne2 Rd6 13. Qf4 d4 14. Nxd4 Nd5 15. Nxc6 bxc6 16. Rxd5 cxd5 {0-1 (29) Nepomniachtchi,I (2751)-Anand,V (2783) Saint Louis 2017}) 5... d6 6. Nc3 Be7 7. Nf3 a6 $146 ({Predecessor:} 7... O-O 8. O-O Ng4 9. Qe2 Be6 10. Rd1 Re8 11. h3 Nge5 12. Nxe5 Nxe5 {½-½ (25) Sahuquillo Cruz,A (1766)-Rendo Quindos,P (1657) Madrid 2014}) 8. O-O O-O 9. Qe2 Bg4 10. Nd5 (10. Rd1 $11) 10... Ne5 11. Nxe7+ Qxe7 12. Bg5 Qe6 13. Nd4 $2 (13. Bh4 $17) 13... Bxe2 14. Nxe6 Bxf1 ({Not} 14... fxe6 15. Bxe2 Nxe4 16. Be3 $15) 15. Nxf8 Bxd3 ({Lieber nicht} 15... Rxf8 16. Rxf1 Re8 17. f3 $14) (15... Kxf8 16. Rxf1 Ke7 17. f4 $11) ({Weniger gut wäre} 15... Nxd3 16. Bxf6 $17 Nc5 17. Kxf1 $17) 16. cxd3 Kxf8 ({Viel schwächer ist} 16... Rxf8 17. Rd1 $19) 17. Rd1 h6 18. Bxf6 gxf6 19. d4 Nc4 20. b3 Nb6 21. d5 Ke7 22. Rc1 Rc8 23. f3 c6 24. dxc6 Rxc6 25. Rd1 Rc2 26. a4 $19 Rb2 27. Rd3 Nd7 28. Kf1 Nc5 0-1

[Event "NOR-ch Clubs 2017"]
[Site "Kristiansund"]
[Date "2017.10.21"]
[Round "3"]
[White "David, Edwin"]
[Black "Barna, Andre"]
[Result "1/2-1/2"]
[ECO "C00"]
[WhiteElo "2211"]
[BlackElo "2148"]
[Annotator "NA"]
[PlyCount "26"]
[EventDate "2017.??.??"]
[EventType "team-tourn"]
[EventCountry "NOR"]
[SourceTitle "playchess.com"]
[Source "ChessBase"]
[SourceQuality "1"]
[TimeControl "40/5400:1800"]

1. e4 e6 2. Nf3 d5 3. e5 c5 4. b4 b6 5. a3 {[%emt 0:01:10] LiveBook: 13 Partien} Ne7 6. c3 $11 Nf5 7. d4 h5 8. Bd3 Be7 9. O-O g5 10. dxc5 bxc5 11. bxc5 g4 12. Nd4 Bxc5 13. Bxf5 exf5 1/2-1/2

[Event "NOR-ch Clubs 2017"]
[Site "Kristiansund"]
[Date "2017.10.21"]
[Round "3"]
[White "Moen, Ole Christian"]
[Black "Kyrkjebo, Marte B"]
[Result "1-0"]
[ECO "C78"]
[WhiteElo "2174"]
[BlackElo "1834"]
[Annotator "NA"]
[PlyCount "65"]
[EventDate "2017.??.??"]
[EventType "team-tourn"]
[EventCountry "NOR"]
[SourceTitle "playchess.com"]
[Source "ChessBase"]
[SourceQuality "1"]
[TimeControl "40/5400:1800"]

1. e4 e5 2. Nf3 Nc6 3. Bb5 a6 4. Ba4 Nf6 5. O-O b5 6. Bb3 Bc5 7. d3 d6 8. Be3 Bxe3 9. fxe3 O-O {[%emt 0:01:20] LiveBook: 4 Games} 10. Qe1 $11 Ne7 11. a4 Bb7 12. Nc3 b4 13. Ne2 c5 14. Ng3 Ng6 15. h4 h6 16. Nf5 Ne7 17. Nxh6+ gxh6 18. Nxe5 dxe5 19. Rxf6 Kg7 20. Qf2 Qe8 21. Rf1 Ng6 22. Rxf7+ Rxf7 23. Qxf7+ Qxf7 24. Rxf7+ Kh8 25. h5 Nf8 26. Rxb7 Rd8 27. Rb6 Kg7 28. Rxa6 Nd7 29. Rg6+ Kh7 30. Rd6 Kg7 31. Be6 Kf6 32. Rxd7 Rxd7 33. Bxd7 1-0

[Event "NOR-ch Clubs 2017"]
[Site "Kristiansund"]
[Date "2017.10.21"]
[Round "3"]
[White "Kolas, Tore"]
[Black "Lobersli, Henrik Oie"]
[Result "1-0"]
[ECO "C55"]
[WhiteElo "2168"]
[BlackElo "2047"]
[Annotator "NA"]
[PlyCount "47"]
[EventDate "2017.??.??"]
[EventType "team-tourn"]
[EventCountry "NOR"]
[SourceTitle "playchess.com"]
[Source "ChessBase"]
[SourceQuality "1"]
[TimeControl "40/5400:1800"]

1. e4 e5 2. Nf3 Nc6 3. Bc4 Nf6 4. d3 Be7 5. O-O O-O 6. Re1 d6 7. a4 {[%emt 0:01:58] LiveBook: 1099 Games} Kh8 $14 8. h3 Ng8 9. d4 f5 10. dxe5 fxe4 11. exd6 exf3 12. dxe7 Qxd1 13. Rxd1 Ngxe7 14. Be3 fxg2 15. Kxg2 b6 16. Nc3 Bb7 17. Bd3 Nb4+ 18. Ne4 Nf5 19. Kg1 Rae8 20. Ng5 Nxe3 21. fxe3 h6 22. Nf7+ Rxf7 23. Bg6 Ree7 24. Rd8+ 1-0

[Event "NOR-ch Clubs 2017"]
[Site "Kristiansund"]
[Date "2017.10.21"]
[Round "3"]
[White "Lundeby, Oyvind Andersen"]
[Black "Unneland, Arne"]
[Result "1-0"]
[ECO "A06"]
[WhiteElo "2155"]
[BlackElo "1648"]
[Annotator "NA"]
[PlyCount "63"]
[EventDate "2017.??.??"]
[EventType "team-tourn"]
[EventCountry "NOR"]
[SourceTitle "playchess.com"]
[Source "ChessBase"]
[SourceQuality "1"]
[TimeControl "40/5400:1800"]

1. Nf3 d5 2. e3 Nf6 3. d4 Bg4 4. c4 e6 5. Qb3 b6 (5... Bxf3 $5 6. Qxb7 {[#]} (6. gxf3 b6 $14) 6... Bxg2 $1 7. Bxg2 Nbd7 $14) 6. Ne5 Bd6 7. cxd5 $16 exd5 8. Bb5+ Bd7 9. Nxd7 Nbxd7 10. Bc6 Rb8 11. Nc3 O-O 12. Bd2 Ne4 13. Nxe4 dxe4 14. Bxe4 c5 15. Qd3 Nf6 16. Bf3 Rc8 17. dxc5 Bxc5 18. Qxd8 Rfxd8 19. Rc1 Rd6 20. b4 Rxd2 21. Kxd2 Bxb4+ 22. Ke2 Bc5 23. g4 g5 24. Rhd1 Rc7 25. Rd8+ Kg7 26. h3 h6 27. Rb8 a5 28. Rb7 Rc8 29. Rxb6 Bxb6 30. Rxc8 Nd7 31. Rc6 f6 32. Rxb6 1-0

[Event "NOR-ch Clubs 2017"]
[Site "Kristiansund"]
[Date "2017.10.21"]
[Round "3"]
[White "Nyland, Thomas"]
[Black "Thingstad, Even"]
[Result "0-1"]
[ECO "B18"]
[WhiteElo "2152"]
[BlackElo "2214"]
[Annotator "NA"]
[PlyCount "118"]
[EventDate "2017.??.??"]
[EventType "team-tourn"]
[EventCountry "NOR"]
[SourceTitle "playchess.com"]
[Source "ChessBase"]
[SourceQuality "1"]
[TimeControl "40/5400:1800"]

1. e4 c6 2. d4 d5 3. Nc3 dxe4 4. Nxe4 Bf5 5. Ng3 Bg6 6. c3 e6 7. Nf3 Nd7 8. Bd3 Bxd3 9. Qxd3 Ngf6 10. Bg5 $11 h6 11. Bd2 Bd6 12. O-O O-O 13. Rfe1 c5 14. Ne4 Be7 15. Be3 cxd4 16. Bxd4 Qc7 17. Nxf6+ Bxf6 18. Bxf6 Nxf6 19. Rad1 Rac8 20. h3 Qc5 21. Ne5 b5 22. Qd6 a5 23. Qxc5 Rxc5 24. Nd7 Nxd7 25. Rxd7 Rb8 26. Red1 b4 27. Rd8+ Rxd8 28. Rxd8+ Kh7 29. cxb4 axb4 30. Rb8 Rc4 31. Kh2 Kg6 32. Kg3 e5 33. Kf3 h5 34. Ke3 f5 35. f3 h4 36. Kd3 Rd4+ 37. Kc2 e4 38. fxe4 fxe4 39. Kb3 Kf5 40. Rxb4 Rxb4+ 41. Kxb4 Kf4 42. Kc4 Ke3 43. a4 Kf2 44. a5 e3 45. a6 e2 46. a7 e1=Q 47. a8=Q Qf1+ 48. Kd4 Qxg2 49. Qf8+ Kg1 50. b4 Qxh3 51. Qxg7+ Qg3 52. Qh7 h3 53. Qb1+ Kg2 54. Qe4+ Qf3 55. Qg6+ Kf1 56. Qb1+ Kf2 57. Qc2+ Kg3 58. Ke5 h2 59. Qg6+ Kf2 0-1

[Event "NOR-ch Clubs 2017"]
[Site "Kristiansund"]
[Date "2017.10.21"]
[Round "3"]
[White "Laverton, Christian"]
[Black "Hoem, Robin"]
[Result "1/2-1/2"]
[ECO "D56"]
[WhiteElo "2113"]
[BlackElo "2138"]
[Annotator "NA"]
[PlyCount "71"]
[EventDate "2017.??.??"]
[EventType "team-tourn"]
[EventCountry "NOR"]
[SourceTitle "playchess.com"]
[Source "ChessBase"]
[SourceQuality "1"]
[TimeControl "40/5400:1800"]

1. d4 d5 2. c4 e6 3. Nc3 Nf6 4. Bg5 Be7 5. e3 h6 6. Bh4 O-O 7. Nf3 Ne4 8. Bxe7 Qxe7 9. Qb3 $11 c6 10. Bd3 Nxc3 11. Qxc3 dxc4 12. Bxc4 Nd7 13. O-O b6 14. Rad1 Bb7 15. Ne5 Nxe5 16. dxe5 Rfd8 17. f3 c5 18. a3 Qc7 19. Bb3 b5 20. Rxd8+ Rxd8 21. Rd1 Rxd1+ 22. Bxd1 a5 23. Bc2 g6 24. b4 axb4 25. axb4 c4 26. Kf2 Qe7 27. g3 Qg5 28. h4 Qe7 29. Qd2 Bc6 30. e4 Qa7+ 31. Qe3 Qa2 32. Qc3 Qa7+ 33. Kg2 Qd7 34. Kf2 Qa7+ 35. Kg2 Qd7 36. Kf2 1/2-1/2

[Event "NOR-ch Clubs 2017"]
[Site "Kristiansund"]
[Date "2017.10.21"]
[Round "3"]
[White "Darnell, Anton"]
[Black "Berg-Jensen, Joachim"]
[Result "1/2-1/2"]
[ECO "D00"]
[WhiteElo "2078"]
[BlackElo "2175"]
[Annotator "NA"]
[PlyCount "51"]
[EventDate "2017.??.??"]
[EventType "team-tourn"]
[EventCountry "NOR"]
[SourceTitle "playchess.com"]
[Source "ChessBase"]
[SourceQuality "1"]
[TimeControl "40/5400:1800"]

1. d4 d5 2. Bf4 e6 3. e3 Nf6 4. Nf3 Bd6 {[%emt 0:00:30] LiveBook: 365 Games} 5. Bg3 Ne4 6. Bh4 Be7 7. Bxe7 Qxe7 8. c3 O-O 9. Nbd2 $11 Nxd2 10. Qxd2 c5 11. Bd3 Nc6 12. O-O Rd8 13. Qc2 h6 14. Bb5 Bd7 15. Rad1 Nxd4 16. Nxd4 cxd4 17. Bxd7 Rxd7 18. Rxd4 e5 19. Rd2 Rad8 20. Rfd1 d4 21. cxd4 exd4 22. exd4 Rxd4 23. Kf1 Rxd2 24. Rxd2 Rxd2 25. Qxd2 Qe4 26. a3 1/2-1/2

[Event "NOR-ch Clubs 2017"]
[Site "Kristiansund"]
[Date "2017.10.21"]
[Round "3"]
[White "Kyrkjebo, Hanna B"]
[Black "Moen, Andreas"]
[Result "0-1"]
[ECO "B51"]
[WhiteElo "1996"]
[BlackElo "2331"]
[Annotator "NA"]
[PlyCount "98"]
[EventDate "2017.??.??"]
[EventType "team-tourn"]
[EventCountry "NOR"]
[SourceTitle "playchess.com"]
[Source "ChessBase"]
[SourceQuality "1"]
[TimeControl "40/5400:1800"]

1. e4 c5 2. Nf3 d6 3. Bb5+ Nd7 4. O-O a6 {[%emt 0:03:30] LiveBook: 1005 Games} 5. Bd3 $11 Ngf6 6. Re1 b5 7. c4 Ne5 8. Nxe5 dxe5 9. Qc2 b4 10. b3 e6 11. Bb2 Bd6 12. Bf1 Bb7 13. d3 O-O 14. Nd2 a5 15. a4 Nd7 16. g3 Nb8 17. Bg2 Nc6 18. Nf3 Qe7 19. Rad1 Rad8 20. Qc1 Bb8 21. Qa1 f6 22. Bc1 Bc8 23. Be3 Bd7 24. Qc1 Be8 25. h3 Bh5 26. Rd2 Kh8 27. Nh2 Rd7 28. Bf3 Bg6 29. h4 Rfd8 30. Red1 h6 31. Kg2 Bh7 32. Qc2 Qd6 33. Be2 f5 34. exf5 exf5 35. f4 Nd4 36. Qb1 exf4 37. Bxf4 Qc6+ 38. Bf3 Nxf3 39. Nxf3 Bxf4 40. gxf4 Rd4 41. Kg3 Qg6+ 42. Kf2 Rxf4 43. Rg1 Qh5 44. Rg3 Qxh4 45. Qg1 Bg6 46. Kf1 Bh5 47. Rf2 Bxf3 48. Rfxf3 Rxd3 49. Qf2 Qh1+ 0-1

[Event "NOR-ch Clubs 2017"]
[Site "Kristiansund"]
[Date "2017.10.21"]
[Round "3"]
[White "Naessvold, Kjell"]
[Black "Hagen, Brede Andre Larsen"]
[Result "1/2-1/2"]
[ECO "B27"]
[WhiteElo "1971"]
[BlackElo "2069"]
[Annotator "NA"]
[PlyCount "57"]
[EventDate "2017.??.??"]
[EventType "team-tourn"]
[EventCountry "NOR"]
[SourceTitle "playchess.com"]
[Source "ChessBase"]
[SourceQuality "1"]
[TimeControl "40/5400:1800"]

1. e4 c5 2. Nf3 g6 3. d4 Bg7 4. d5 d6 5. c3 Nf6 6. Bd3 O-O 7. O-O Bg4 8. Nbd2 e6 $14 9. c4 exd5 10. exd5 Re8 11. h3 Bxf3 12. Nxf3 Nbd7 13. a4 Qc7 14. Ra2 Re7 15. b3 Ne4 16. Bxe4 Rxe4 17. Re1 Nf6 18. Rae2 Rae8 19. Ng5 R4e7 20. Qd3 Qd8 21. Kf1 Kf8 22. Bb2 Rxe2 23. Rxe2 Rxe2 24. Qxe2 Nxd5 25. Nxf7 Kxf7 26. Bxg7 Kxg7 27. cxd5 Qf6 28. g4 Kf7 29. Qe3 1/2-1/2

[Event "NOR-ch Clubs 2017"]
[Site "Kristiansund"]
[Date "2017.10.21"]
[Round "3"]
[White "Haug, Rune"]
[Black "Lium, Lars"]
[Result "1-0"]
[ECO "C03"]
[WhiteElo "1800"]
[BlackElo "1643"]
[Annotator "NA"]
[PlyCount "93"]
[EventDate "2017.??.??"]
[EventType "team-tourn"]
[EventCountry "NOR"]
[SourceTitle "playchess.com"]
[Source "ChessBase"]
[SourceQuality "1"]
[TimeControl "40/5400:1800"]

1. e4 e6 2. d4 d5 3. Nd2 a6 4. Ngf3 Nf6 5. Bd3 dxe4 6. Nxe4 Be7 7. O-O b6 8. Qe2 Bb7 9. Bf4 $14 Nd5 10. Bg3 O-O 11. c3 Nd7 12. Rad1 N7f6 13. Rfe1 Qc8 14. Ne5 Nxe4 15. Bxe4 Nf6 16. Nc6 Bxc6 17. Bxc6 Ra7 18. Bh4 Nd5 19. Bxe7 Nxe7 20. Be4 c6 21. Qh5 h6 22. Rd3 Nd5 23. Rg3 f5 24. Bxd5 cxd5 25. Qxh6 Re7 26. Rxe6 Qxe6 27. Rxg7+ Rxg7 28. Qxe6+ Rgf7 29. Qxd5 Kg7 30. g3 Rf6 31. Qb7+ R8f7 32. Qxa6 f4 33. gxf4 Rg6+ 34. Kf1 Rxf4 35. d5 Rgf6 36. Qe2 b5 37. b3 R4f5 38. c4 bxc4 39. bxc4 Rg6 40. d6 Rfg5 41. Qe7+ Kh6 42. Qf8+ Kh7 43. Qe7+ Kh6 44. d7 Rg1+ 45. Ke2 Rg7 46. Qxg7+ Rxg7 47. d8=Q 1-0

[Event "NOR-ch Clubs 2017"]
[Site "Kristiansund"]
[Date "2017.10.21"]
[Round "3"]
[White "Dronen, Ole Reza"]
[Black "Dahl, Trygve"]
[Result "0-1"]
[ECO "A03"]
[WhiteElo "1797"]
[BlackElo "2193"]
[Annotator "NA"]
[PlyCount "44"]
[EventDate "2017.??.??"]
[EventType "team-tourn"]
[EventCountry "NOR"]
[SourceTitle "playchess.com"]
[Source "ChessBase"]
[SourceQuality "1"]
[TimeControl "40/5400:1800"]

1. f4 d5 2. Nf3 g6 3. e3 Bg7 4. Be2 Nf6 5. O-O O-O 6. d3 b6 7. Qe1 Bb7 8. Qh4 Nfd7 $15 9. f5 gxf5 10. Ng5 h6 11. Nh3 e6 12. Qg3 Kh7 13. Bh5 Be5 14. Qf3 Qh4 15. Nc3 Nf6 16. d4 Bd6 17. Nf4 Bxf4 18. g3 Bxg3 19. hxg3 Qxh5 20. Qxh5 Nxh5 21. Ne2 Ba6 22. Kf2 Bxe2 0-1